AoeStats
← Kino24JR

Nomad

505342126Analyzed
2v2 RM · 24d ago on Sep 8, 2026· 32m 44s· 4 players
Game mode
Random Map
Map size
176×176
Population
200
Speed
Normal
Resources
Standard
Victory
Conquest
Starting age
Dark Age
Ending age
Imperial Age
RankedLock teamsTeams togetherTeam positionsShared explorationLock speedFull tech treeHidden civsTurbo modeCheats
Victory
Defeat
🇦🇷 Italians · Argentina
934
+16
🇦🇷 Huns · Argentina
900
+18
🇮🇪 Malay · Ireland
956
-18
🇧🇷 Byzantines · Brazil
926
-16
DEKALB
14:32 Feudal Age
15:19 Loom
15:24 Double-Bit Axe
15:23 Horse Collar
21:02 Castle Age
19:53 Gold Mining
23:02 Bow Saw
23:27 Scale Barding Armor
26:40 Stone Mining
29:30 Wheelbarrow
31:02 Hand Cart
30:08 Pikeman
31:09 Heavy Plow
32:45 Stone Shaft Mining
caol-boy
13:45 Feudal Age
13:50 Double-Bit Axe
14:58 Loom
16:30 Fishing Lines
21:24 Castle Age
25:45 Gillnets
28:12 Forging
31:53 Husbandry
Santiago50490
6:46 Loom
16:25 Feudal Age
16:58 Double-Bit Axe
16:56 Fishing Lines
18:56 Town Watch
19:32 Horse Collar
20:26 Bloodlines
20:19 Gold Mining
24:28 Forging
24:24 Scale Barding Armor
26:24 Castle Age
25:00 Fletching
25:10 Padded Archer Armor
26:23 Scale Mail Armor
26:56 Pikeman
27:58 Squires
30:29 Medium Warships
30:51 Gillnets
Kino24JR
11:49 Loom
14:16 Feudal Age
14:56 Double-Bit Axe
18:47 Fletching
24:08 Horse Collar
26:55 Castle Age
30:32 Bow Saw
30:25 Heavy Plow
30:59 Padded Archer Armor
33:38 Ballistics
Connection lost

Rejoining the realm…

Still unreachable

The connection could not be restored.

Session expired

The server has moved on; the page needs a fresh start.